 Dungeon Crawl Stone Soup version 0.17-a0-1748-g222fba8 (webtiles) character file.

8 KambridgeKobold the Grasshopper (level 2, 0/14 HPs)
             Began as a Spriggan Warper on Sept 1, 2015.
             Slain by a gnoll
             ... wielding a +0 club
              (5 damage)
             ... on level 1 of the Dungeon.
             The game lasted 00:03:05 (620 turns).

KambridgeKobold the Grasshopper (Spriggan Warper)    Turns: 620, Time: 00:03:06

Health: 0/14       AC:  2    Str:  7    XL:     2   Next: 0%
Magic:  6/6        EV: 18    Int: 14    God:
Gold:   13         SH:  0    Dex: 15    Spells: 1 memorised, 5 levels left

rFire  . . .     SeeInvis +     a - +0 short sword
rCold  . . .     Clarity  .     b - +0 robe
rNeg   . . .     SustAt   .     (shield restricted)
rPois  .         Gourm    .     (helmet restricted)
rElec  .         Spirit   .     (no cloak)
rCorr  .         Warding  .     (gloves unavailable)
rMut   .         Stasis   .     (boots unavailable)
MR     .....                    (no amulet)
Stlth  ++........               (no ring)
                                (no ring)

@: very quick, not resistant to hostile enchantments, unstealthy
A: unfitting armour, see invisible, herbivore 3, speed 3, slow metabolism 2
a: no special abilities


You were on level 1 of the Dungeon.
You were not hungry.

You visited 1 branch of the dungeon, and saw 1 of its levels.

You collected 13 gold pieces.

Inventory:

Hand weapons
 a - a +0 short sword (weapon)
Missiles
 e - 2 tomahawks of dispersal (quivered)
Armour
 b - a +0 robe (worn)
Scrolls
 d - a scroll of blinking
 h - 2 scrolls of immolation {unknown}
Potions
 g - a potion of curing {unknown}
 i - a potion of ambrosia {unknown}
Books
 c - a book of Spatial Translocations

   Spells                             Type                      Level
   a - Apportation                    Translocation                1
   b - Blink                          Translocation                2
   c - Shroud of Golubria             Charms/Translocation         2
   d - Portal Projectile              Translocation                3
   e - Teleport Other                 Translocation                3
   f - Passage of Golubria            Translocation                4
Comestibles
 f - a bread ration


   Skills:
 - Level 1.5 Fighting
 + Level 2.5 Short Blades
 - Level 1.1 Throwing
 - Level 3.5 Dodging
 + Level 1.9 Stealth
 + Level 2.7 Spellcasting
 - Level 4.4 Translocations


You had 5 spell levels left.
You knew the following spells:

 Your Spells              Type           Power        Failure   Level  Hunger
a - Apportation           Tloc           ##........   3%          1    #......


Dungeon Overview and Level Annotations

Branches:
Dungeon (1/15)

Altars:


Innate Abilities, Weirdness & Mutations

You are tiny and cannot use many weapons and most armour.
You have supernaturally acute eyesight.
You are a herbivore.
You cover ground extremely quickly.
You need consume almost no food.


Message History

Press: ? - help, Shift-Dir - straight line, f/p - gnoll
Aim: a gnoll, wielding a club (moderately wounded)
You throw a tomahawk of dispersal.
The tomahawk of dispersal closely misses the gnoll.
Throwing (i - inventory):
e - 3 tomahawks of dispersal (quivered)
Press: ? - help, Shift-Dir - straight line, f/p - gnoll
Aim: a gnoll, wielding a club (moderately wounded)
You throw a tomahawk of dispersal.
The tomahawk of dispersal hits the gnoll.
The gnoll blinks!
The gnoll is heavily wounded.
You barely miss the gnoll.
The gnoll is heavily wounded.
The gnoll completely misses you.
You hit the gnoll.
The gnoll is almost dead.
You hit the gnoll but do no damage.
The gnoll is almost dead.
The gnoll hits you with a club.
You die...

##..#..##.##
#.#.....(.##########
#.
#.#####........... #
#.# ###.......# #.#
#(...##.. #.# #....#
#.# #...## #g# #.g.#
#@# #...# . ###
#...# . ###
##..####..
...g.##.#....#
(.....)...####
...[........##
........###...
.......## ####
....... ###


You could see a gnoll.

Vanquished Creatures
  2 goblins (D:1)
  2 hobgoblins (D:1)
  2 kobolds (D:1)
  2 rats (D:1)
8 creatures vanquished.

Notes
Turn   | Place    | Note
--------------------------------------------------------------
     0 | D:1      | KambridgeKobold the Spriggan Warper began the quest for the Orb.
     0 | D:1      | Reached XP level 1. HP: 10/10 MP: 5/5
    40 | D:1      | Reached skill level 1 in Stealth
   569 | D:1      | Reached XP level 2. HP: 14/14 MP: 6/6
   620 | D:1      | Slain by a gnoll

Vault maps used:
D:1:      dpeg_arrival_windows_large_door, st_stairs_12

Action                   || total
-------------------------++-------
Melee: Short sword       ||    34
Throw: Tomahawk          ||     3
 Cast: Apportation       ||     1
 Stab: Sleeping          ||     1
